 Dungeon Crawl Stone Soup version 0.29-a0-575-g0dc89cf053 (webtiles) character file.

Game seed: 10824846943588080439

92 spiderkeys the Magician (level 4, -1/30 HPs)
             Began as a Mummy Necromancer on June 13, 2022.
             Slain by a white imp (3 damage)
             ... on level 5 of the Dungeon.
             The game lasted 00:04:27 (2091 turns).

spiderkeys the Magician (Mummy Necromancer)         Turns: 2091, Time: 00:04:28

Health: -1/30      AC:  3    Str: 11    XL:     4   Next: 35%
Magic:  4/11       EV: 12    Int: 16    God:
Gold:   122        SH:  0    Dex: 12    Spells: 12/13 levels left

rFire   x . .      SeeInvis .   n - +3 whip (venom)
rCold   + . .      Faith    .   (no shield)
rNeg    + + +      Spirit   .   g - +1 robe {Will+}
rPois   ∞          Reflect  .   (no helmet)
rElec   .          Harm     +   j - scarf {harm}
rCorr   .          Rampage  .   (no gloves)
Will    +....                   (no boots)
Stlth   ++........              (no amulet)
HPRegen 0.10/turn               Y - +4 ring of slaying
MPRegen 0.12/turn               (no ring)

@: no status effects
A: cold resistance 1, negative energy resistance 3, torment resistance 2, heat
vulnerability 1, in touch with death 1, no potions
a: no special abilities


You were on level 5 of the Dungeon.
You visited 1 branch of the dungeon, and saw 4 of its levels.

You collected 146 gold pieces.
You spent 24 gold pieces at shops.


Innate Abilities, Weirdness & Mutations

You are immune to poison.
Your flesh is cold resistant. (rC+)
You are immune to negative energy. (rN+++)
You are immune to unholy pain and torment.
You are vulnerable to heat. (rF-)
You are in touch with the powers of death.
You do not drink.


   Skills:
 - Level 1.5 Dodging
 - Level 1.5 Stealth
 - Level 5.0 Spellcasting
 + Level 4.7 Necromancy


You had 12 spell levels left.
You knew the following spells:

 Your Spells              Type           Power      Damage    Failure   Level
X - Necrotize             Necr           100%       1d9       2%          1

Your spell library contained the following spells:

 Spells                   Type           Power      Damage    Failure   Level
 Vampiric Draining        Necr           28%        2d8       7%          3
 Apportation              Tloc           8%         N/A       16%         1
 Animate Dead             Necr           28%        N/A       22%         4
 Agony                    Necr           28%        N/A       52%         5
 Alistair's Intoxication  Tmut/Pois      2%         N/A       99%         5

Inventory:

Hand Weapons
 b - a +0 club
   (You took it off a kobold on level 1 of the Dungeon)
 n - a +3 whip of venom (weapon)
   (You found it on level 2 of the Dungeon)
Missiles
 e - 33 stones
Armour
 a - a +0 robe
 f - a +0 robe
   (You found it on level 1 of the Dungeon)
 g - a +1 robe of willpower (worn)
   (You found it on level 1 of the Dungeon)
 h - a +0 robe
   (You found it on level 1 of the Dungeon)
 i - a +0 leather armour
   (You found it on level 1 of the Dungeon)
 j - a scarf of harm (worn)
   (You found it on level 1 of the Dungeon)
 o - a +0 leather armour
   (You found it on level 2 of the Dungeon)
Magical Staves
 q - a staff of conjuration {!a}
   (You found it on level 2 of the Dungeon)
Jewellery
 T - an amulet of faith {!P}
   (You found it on level 1 of the Dungeon)
 Y - a +4 ring of slaying (left hand)
   (You took it off an orc on level 2 of the Dungeon)
Wands
 l - a wand of iceblast (11)
   (You found it on level 2 of the Dungeon)
Scrolls
 c - a scroll of enchant armour
 d - a scroll of blinking {!r}
 k - a scroll of fog {unknown}
 m - a scroll of amnesia

Dungeon Overview and Level Annotations

Branches:
Dungeon (5/15)
 Temple: D:4-7

Altars:

Shops:
D:1

(? .... .... ....
..... ... .....
#.. # .....#
#.##.# ..<...
#...#
......#######...#
...##Z5..##..#..#
.......@...######
...#....(..#
#(.....##
#....### .......
........#
.....#### .....
.#.##


You could see a white imp (ally target) and a friendly hound skeleton.


Message History

😎 MP[+2]
Your mp is fully restored (9).
Your ball python skeleton crumbles into dust!
There is a stone staircase leading down here.
You now have 122 gold pieces (gained 18).
You open the door.
There is an open door here.
A sourceless malevolence fills the Dungeon...
You fall into a shaft and drop 2 floors!
The shaft crumbles and collapses.
Found a stone staircase leading up.
A hound comes into view.
The hound barks!
The hound moves out of view.
A white imp comes into view.
You feel a surge of power!
The hound writhes in agony.
The hound closely misses you. 😎 MP[-1]
You lost 1 mp, and now have 8/9 mp.
You feel a surge of power!
The hound writhes in agony.
The hound closely misses you.
The hound bites you but does no damage. 😎 MP[-1]
You lost 1 mp, and now have 7/9 mp.
You feel a surge of power!
The hound writhes in agony.
The hound barely misses you. The white imp gestures at you.
The puff of frost hits you. You resist. 😮 HP[-6] MP[-1]
You take 6 damage, and now have 18/24 hp.
MASSIVE DAMAGE!! (PAUSE)
You lost 1 mp, and now have 6/9 mp.
You are too injured to fight recklessly!
Casting: Necrotize (safe; 2% risk of failure)
Confirm with . or Enter, or press ? or * to list all spells.
Aiming: Necrotize (safe; 2% risk of failure)
Press: ? - help, Shift-Dir - straight line, f/p - hound
Aim: a hound (heavily wounded, chance to affect: 88%)
You feel a surge of power!
The hound barely resists.
The hound bites you.
The hound closely misses you. 😮 HP[-3] MP[-1]
You take 3 damage, and now have 15/24 hp.
You lost 1 mp, and now have 5/9 mp.
Casting: Necrotize (safe; 2% risk of failure)
Confirm with . or Enter, or press ? or * to list all spells.
Aiming: Necrotize (safe; 2% risk of failure)
Press: ? - help, Shift-Dir - straight line, f/p - hound
Aim: a hound (heavily wounded, chance to affect: 88%)
You feel a surge of power!
The hound writhes in agony.
The hound bites you.
* * * LOW HITPOINT WARNING * * *
The white imp gestures at you. The puff of frost hits you. You resist.
* * * LOW HITPOINT WARNING * * *
😨 HP[-8] MP[-1]
You take 8 damage, and now have 7/24 hp.
MASSIVE DAMAGE!! (PAUSE)
You lost 1 mp, and now have 4/9 mp.
Casting: Necrotize (safe; 2% risk of failure)
Confirm with . or Enter, or press ? or * to list all spells.
Aiming: Necrotize (safe; 2% risk of failure)
Press: ? - help, Shift-Dir - straight line, f/p - hound
Aim: a hound (almost dead, chance to affect: 88%)
You feel a surge of power!
The hound writhes in agony.
You kill the hound!
The dead are walking!
You have reached level 4! 😨 HP[+2] MP[-1]
You now have 30 max hp (+6).
You regained 2 hp, and now have 9/30 hp.
What are your orders? t - Shout!
Orders for allies: a - Attack new target. r - Retreat! s - Stop attacking. g - Guard the area. f - Follow me.
Anything else - Cancel.
Gang up on whom?
Press: ? - help, Dir - move target, f - white imp
Aim: a white imp (ally target) Attack!
Casting: Necrotize (safe; 2% risk of failure)
Confirm with . or Enter, or press ? or * to list all spells.
You don't know that spell.
Casting: Necrotize (safe; 2% risk of failure)
Confirm with . or Enter, or press ? or * to list all spells.
You can't see any susceptible monsters within range! (Use Z to cast anyway.)
Your hound skeleton bites the white imp.
The white imp hits you but does no damage.
You hit the white imp but do no damage.
Your hound skeleton bites the white imp but does no damage.
The white imp gestures at you. The puff of frost hits you. You resist.
* * * LOW HITPOINT WARNING * * *
Your hound skeleton bites the white imp but does no damage. 😱 HP[-7] MP[+1]
You take 7 damage, and now have 2/30 hp.
MASSIVE DAMAGE!! (PAUSE)
You hit the white imp.
Your hound skeleton barely misses the white imp.
The white imp picks up a beetle and eats it.
The white imp hits you.
You die...

Skill      XL: |  1  2  3 |
---------------+----------+-----
Spellcasting   | 3 4 5 |  5.0
Dodging        | |  1.5
Stealth        | |  1.5
Necromancy     | |  4.7

Action                   |  1- 3 |  4- 6 || total
-------------------------+-------+-------++-------
Melee: Club              |     8 |       ||     8
       Whip              |       |     2 ||     2
 Cast: Necrotize         |    73 |       ||    73
  Use: Scroll            |     3 |       ||     3
Armor: Robe              |     4 |     1 ||     5
Dodge: Dodged            |    10 |       ||    10

Levels and vault maps discovered:
D:1:      arrival_aquarium_a, layout_loops_ring,
          dreamdust_ecumenical_altar_angels_and_demons, serial_shops,
          shop_statue, shop
D:2:      layout_loops_ring, chequers_serial_rivers_micro_b
D:3:      layout_basic, uniq_natasha
D:5:      layout_cave_pools, mainiacjoe_overflow_alcove_1,
          okawaru_altar_gauntlet_db, minmay_misc_feat_room

Notes
Turn   | Place    | Note
-------+----------+-------------------------------------------
     0 | D:1      | spiderkeys the Mummy Necromancer began the quest for the
                  | Orb.
     0 | D:1      | Reached XP level 1. HP: 13/13 MP: 4/4
     0 | D:1      | magus.rc [v1.11.3]
     1 | D:1      | Noticed an electric eel
    60 | D:1      | Reached skill level 3 in Spellcasting
   171 | D:1      | Reached XP level 2. HP: 19/19 MP: 4/6
   222 | D:1      | Found a faded altar of an unknown god.
   411 | D:1      | Found Hyhaysmuze's Antique Weapon Shoppe.
   416 | D:1      | Reached skill level 4 in Spellcasting
   933 | D:1      | Found Ibreveefu's Magic Scroll Shop.
   942 | D:1      | Bought a scroll of identify for 24 gold pieces
   948 | D:1      | Gained mutation: You are in touch with the powers of death.
                  | [Mummy growth]
   948 | D:1      | Reached XP level 3. HP: 24/24 MP: 6/8
  1352 | D:2      | You pick up a book of Party Tricks and begin reading...
  1352 | D:2      | You add the spells Apportation and Alistair's Intoxication
                  | to your library.
  1392 | D:2      | Reached skill level 5 in Spellcasting
  2075 | D:3      | You fall into a shaft and drop 2 floors!
  2075 | D:5      | Entered Level 5 of the Dungeon
  2088 | D:5      | Reached XP level 4. HP: 9/30 MP: 3/11
  2090 | D:5      | HP: 2/30 [white imp/puff of frost (7)]
  2091 | D:5      | Slain by a white imp

Vanquished Creatures
  A hound (D:5)
  An adder (D:2)
  A worm (D:2)
  An orc (D:2)
  9 bats
  4 endoplasms
  5 giant cockroaches
  4 goblins (D:1)
  5 hobgoblins
  3 jackals (D:1)
  7 ball pythons
  A frilled lizard (D:1)
  3 kobolds
45 creatures vanquished.

Vanquished Creatures (collateral kills)
  A rat (D:3)
1 creature vanquished.

Grand Total: 46 creatures vanquished

Table legend:
 A = Non-vault XP
 B = Vault XP
 C = Vault XP percentage of total XP
 D = Non-vault monster count
 E = Vault monster count
 F = Vault count percentage of total count
                 A         B        C        D         E       F
            +---------+---------+-------+---------+---------+-------
      Total |     132 |       0 |   0.0 |      46 |       0 |   0.0
            +---------+---------+-------+---------+---------+-------
        D:1 |      44 |       0 |   0.0 |      26 |       0 |   0.0
        D:2 |      42 |       0 |   0.0 |      16 |       0 |   0.0
        D:3 |       3 |       0 |   0.0 |       3 |       0 |   0.0
        D:5 |      43 |       0 |   0.0 |       1 |       0 |   0.0
            +---------+---------+-------+---------+---------+-------

Illustrated notes

Table legend:
 A = Kills in this place as a percentage of kills in entire the game.
 B = Kills by you in this place as a percentage of kills by you in the entire game.
 C = Kills by friends in this place as a percentage of kills by friends in the entire game.
 D = Other kills in this place as a percentage of other kills in the entire game.
 E = Experience gained in this place as a percentage of experience gained in the entire game.
 F = Experience gained in this place divided by the number of levels of this place that you have seen.
                   A       B       C       D       E      F
               +-------+-------+-------+-------+-------+----------------------
         Total | 100.0 | 100.0 | 100.0 |   N/A | 100.0 |  33.0
       Dungeon | 100.0 | 100.0 | 100.0 |   N/A | 100.0 |  33.0
               +-------+-------+-------+-------+-------+----------------------

Table legend: (Time is in decaauts)
 A = Elapsed time spent in this place.
 B = Non-inter-level travel time spent in this place.
 C = Inter-level travel time spent in this place.
 D = Time resting spent in this place.
 E = Time spent auto-exploring this place.
 F = Levels seen in this place.
 G = Mean time per level.
                   A        B        C        D        E       F      G
               +--------+--------+--------+--------+--------+-----+--------+
         Total |   2091 |   2003 |     88 |     19 |   1729 |   4 |  522.8 |
       Dungeon |   2091 |   2003 |     88 |     19 |   1729 |   4 |  522.8 |
               +--------+--------+--------+--------+--------+-----+--------+

Top non-repeatable levels by time:
     D:1: 1176 daAuts
     D:2: 767 daAuts
     D:3: 130 daAuts
     D:5: 15 daAuts
